3AAA
BRINKLEY BELUGAS @ VERMONT LAKE MONSTERS
08/11/2031
 
TOP OF THE 1ST
Brinkley Belugas batting - Pitching for Vermont Lake Monsters : RHP Ramón Martínez
Pitching: RHP Ramón Martínez
Batting: RHB Oscar Gandarilla 0-0: Foul Ball, location: 2F
0-1: Hit by Pitch
Batting: RHB Colm Goodwill 0-0: Ball
1-0: Foul Ball, location: 2F
1-1: Swinging Strike
1-2: SINGLE (Groundball, 6MD)
Oscar Gandarilla to second
Batting: RHB Wu-shiun Wang 0-0: Called Strike
0-1: Ball
1-1: Ground out 5-3 (Groundball, 56S)
Oscar Gandarilla to third
Colm Goodwill to second
Batting: RHB Noah Bushby 0-0: Ball
1-0: Called Strike
1-1: Swinging Strike
1-2: Ball
2-2: Fly out, F8 (Flyball, 8LXD)
Runner from 3rd tags up, SCORES, no throw
Colm Goodwill to third
Batting: SHB Eddie Ménard 0-0: Called Strike
0-1: Ball
1-1: Fly out, F8 (Flyball, 8LD)
Top of the 1st over - 1 run, 1 hit, 0 errors, 1 left on base; Brinkley 1 - Vermont 0
BOTTOM OF THE 1ST
Vermont Lake Monsters batting - Pitching for Brinkley Belugas : RHP Paco Castillo
Pitching: RHP Paco Castillo
Batting: RHB Zelmar Barajas 0-0: Foul Ball, location: 2F
0-1: Swinging Strike
0-2: SINGLE (Line Drive, 34)
Batting: RHB Juan Pedraza 0-0: Ball
1-0: Foul Ball, location: 2F
1-1: Ball
2-1: Swinging Strike
2-2: Fielders Choice at 2nd, 4-6 (Groundball, 4)
Batting: RHB José Vázquez 0-0: Called Strike
0-1: Called Strike
0-2: Ball
1-2: Strikes out looking
Batting: LHB Gilberto Jiménez 0-0: Ball
1-0: Foul Ball, location: 2F
1-1: Ball
Juan Pedraza is caught stealing 2nd base
Bottom of the 1st over - 0 runs, 1 hit, 0 errors, 0 left on base; Brinkley 1 - Vermont 0
TOP OF THE 2ND
Brinkley Belugas batting - Pitching for Vermont Lake Monsters : RHP Ramón Martínez
Batting: RHB Felix Plugge 0-0: Ball
1-0: Ball
2-0: Called Strike
2-1: Swinging Strike
2-2: Strikes out swinging
Batting: RHB Brandon Cole 0-0: Called Strike
0-1: Ball
1-1: Called Strike
1-2: Strikes out swinging
Batting: RHB Jorge Durán 0-0: Ball
1-0: Called Strike
1-1: Swinging Strike
1-2: Fly out, F4 (Line Drive, 4)
Top of the 2nd over - 0 runs, 0 hits, 0 errors, 0 left on base; Brinkley 1 - Vermont 0
BOTTOM OF THE 2ND
Vermont Lake Monsters batting - Pitching for Brinkley Belugas : RHP Paco Castillo
Batting: LHB Gilberto Jiménez 0-0: SINGLE (Groundball, 34D)
Batting: RHB Ramón Degollado 0-0: Foul Ball, location: 2F
0-1: Ball
1-1: Ground out 5-3 (Groundball, 56S)
Gilberto Jiménez to second
Batting: SHB Robert La Caze 0-0: Called Strike
0-1: Ground out 6-3 (Groundball, 6)
Batting: LHB Arturo Hernández 0-0: Called Strike
0-1: Ground out 4-3 (Groundball, 4M)
Bottom of the 2nd over - 0 runs, 1 hit, 0 errors, 1 left on base; Brinkley 1 - Vermont 0
TOP OF THE 3RD
Brinkley Belugas batting - Pitching for Vermont Lake Monsters : RHP Ramón Martínez
Batting: RHB Ángel Rivera 0-0: Ball
1-0: Called Strike
1-1: Ball
2-1: Ball
3-1: Fly out, F8 (Flyball, 8LM)
Batting: RHB Oscar Gandarilla 0-0: Ball
1-0: Swinging Strike
1-1: Swinging Strike
1-2: Foul Ball, location: 2F
1-2: Ground out 5-3 (Groundball, 5L)
Batting: RHB Colm Goodwill 0-0: Foul Ball, location: 2F
0-1: Bunted foul
0-2: Ground out 6-3 (Groundball, 56)
Top of the 3rd over - 0 runs, 0 hits, 0 errors, 0 left on base; Brinkley 1 - Vermont 0
BOTTOM OF THE 3RD
Vermont Lake Monsters batting - Pitching for Brinkley Belugas : RHP Paco Castillo
Batting: LHB Manuel Núñez 0-0: Ball
1-0: Ball
2-0: Ball
3-0: Called Strike
3-1: Swinging Strike
3-2: Fly out, F8 (Flyball, 8RS)
Batting: RHB Bertrand Pick 0-0: Fly out, F8 (Flyball, 8LD)
Batting: RHB Zelmar Barajas 0-0: Ball
1-0: Called Strike
1-1: Ball
2-1: Ball
3-1: Called Strike
3-2: Foul Ball, location: 2F
3-2: Foul Ball, location: 2F
3-2: Fly out, F8 (Flyball, 78M)
Bottom of the 3rd over - 0 runs, 0 hits, 0 errors, 0 left on base; Brinkley 1 - Vermont 0
TOP OF THE 4TH
Brinkley Belugas batting - Pitching for Vermont Lake Monsters : RHP Ramón Martínez
Batting: RHB Wu-shiun Wang 0-0: Fly out, F8 (Flyball, 8LD)
Batting: RHB Noah Bushby 0-0: Ball
1-0: Foul Ball, location: 2F
1-1: Ball
2-1: Called Strike
2-2: Ground out 6-3 (Groundball, 6)
Batting: SHB Eddie Ménard 0-0: Ball
1-0: Called Strike
1-1: Foul Ball, location: 2F
1-2: Ball
2-2: Ball
3-2: Foul Ball, location: 2F
3-2: Ground out 5-3 (Groundball, 56)
Top of the 4th over - 0 runs, 0 hits, 0 errors, 0 left on base; Brinkley 1 - Vermont 0
BOTTOM OF THE 4TH
Vermont Lake Monsters batting - Pitching for Brinkley Belugas : RHP Paco Castillo
Batting: RHB Juan Pedraza 0-0: Called Strike
0-1: Ball
1-1: Foul Ball, location: 2F
1-2: Strikes out swinging
Batting: RHB José Vázquez 0-0: Ball
1-0: Ball
2-0: DOUBLE (Line Drive, 7LM)
Batting: LHB Gilberto Jiménez 0-0: Called Strike
0-1: Ball
1-1: Ball
2-1: Ball
3-1: Base on Balls
Batting: RHB Ramón Degollado 0-0: Grounds into double play, 6-4-3 (Groundball, 6)
Bottom of the 4th over - 0 runs, 1 hit, 0 errors, 1 left on base; Brinkley 1 - Vermont 0
TOP OF THE 5TH
Brinkley Belugas batting - Pitching for Vermont Lake Monsters : RHP Ramón Martínez
Batting: RHB Felix Plugge 0-0: Swinging Strike
0-1: Ground out 5-3 (Groundball, 56S)
Batting: RHB Brandon Cole 0-0: Ball
1-0: SINGLE (Groundball, 6MD)
Batting: RHB Jorge Durán 0-0: Ball
1-0: Called Strike
1-1: Ball
2-1: Swinging Strike
2-2: Strikes out looking
Batting: RHB Ángel Rivera 0-0: Ball
1-0: Called Strike
1-1: SINGLE (Flyball, 78M)
Brandon Cole to second
Batting: RHB Oscar Gandarilla 0-0: Called Strike
0-1: Foul Ball, location: 2F
0-2: Ball
1-2: Ball
2-2: Foul Ball, location: 2F
2-2: Strikes out looking
Top of the 5th over - 0 runs, 2 hits, 0 errors, 2 left on base; Brinkley 1 - Vermont 0
BOTTOM OF THE 5TH
Vermont Lake Monsters batting - Pitching for Brinkley Belugas : RHP Paco Castillo
Batting: SHB Robert La Caze 0-0: Ball
1-0: Ground out 5-3 (Groundball, 5S)
Batting: LHB Arturo Hernández 0-0: Ground out 3-1 (Groundball, 34S)
Batting: LHB Manuel Núñez 0-0: Ball
1-0: Fly out, F9 (Flyball, 89M)
Bottom of the 5th over - 0 runs, 0 hits, 0 errors, 0 left on base; Brinkley 1 - Vermont 0
TOP OF THE 6TH
Brinkley Belugas batting - Pitching for Vermont Lake Monsters : RHP Ramón Martínez
Batting: RHB Colm Goodwill 0-0: Ball
1-0: Called Strike
1-1: Fly out, F7 (Flyball, 7S)
Batting: RHB Wu-shiun Wang 0-0: Ball
1-0: Called Strike
1-1: Ball
2-1: Foul Ball, location: 2F
2-2: Strikes out swinging
Batting: RHB Noah Bushby 0-0: Ground out 5-3 (Groundball, 56S)
Top of the 6th over - 0 runs, 0 hits, 0 errors, 0 left on base; Brinkley 1 - Vermont 0
BOTTOM OF THE 6TH
Vermont Lake Monsters batting - Pitching for Brinkley Belugas : RHP Paco Castillo
Batting: RHB Bertrand Pick 0-0: Called Strike
0-1: Ball
1-1: Ball
2-1: Foul Ball, location: 2F
2-2: Strikes out swinging
Batting: RHB Zelmar Barajas 0-0: Fly out, F8 (Flyball, 8LS)
Batting: RHB Juan Pedraza 0-0: Ball
1-0: Ball
2-0: Called Strike
2-1: Ball
3-1: Swinging Strike
3-2: Foul Ball, location: 2F
3-2: Foul Ball, location: 2F
3-2: SINGLE (Groundball, 4MD)
Batting: RHB José Vázquez 0-0: Ground out 3-1 (Groundball, 34)
Bottom of the 6th over - 0 runs, 1 hit, 0 errors, 1 left on base; Brinkley 1 - Vermont 0
TOP OF THE 7TH
Brinkley Belugas batting - Pitching for Vermont Lake Monsters : RHP Ramón Martínez
Batting: SHB Eddie Ménard 0-0: Ball
1-0: Ball
2-0: Called Strike
2-1: Swinging Strike
2-2: Ground out 6-3 (Groundball, 6D)
Batting: RHB Felix Plugge 0-0: Ball
1-0: Foul Ball, location: 2F
1-1: Ground out 5-3 (Groundball, 56)
Batting: RHB Brandon Cole 0-0: Called Strike
0-1: Called Strike
0-2: Ball
1-2: Strikes out swinging
Top of the 7th over - 0 runs, 0 hits, 0 errors, 0 left on base; Brinkley 1 - Vermont 0
BOTTOM OF THE 7TH
Vermont Lake Monsters batting - Pitching for Brinkley Belugas : RHP Paco Castillo
Batting: LHB Gilberto Jiménez 0-0: Called Strike
0-1: Foul Ball, location: 2F
0-2: Foul Ball, location: 2F
0-2: Ball
1-2: Ball
2-2: Strikes out swinging
Batting: RHB Ramón Degollado 0-0: Called Strike
0-1: Foul Ball, location: 2F
0-2: Ball
1-2: Foul Ball, location: 2F
1-2: Foul Ball, location: 2F
1-2: Ground out 4-3 (Groundball, 34)
Batting: SHB Robert La Caze 0-0: Foul Ball, location: 2F
0-1: Swinging Strike
0-2: Ball
1-2: Strikes out swinging
Bottom of the 7th over - 0 runs, 0 hits, 0 errors, 0 left on base; Brinkley 1 - Vermont 0
TOP OF THE 8TH
Brinkley Belugas batting - Pitching for Vermont Lake Monsters : RHP Ramón Martínez
Pitching: RHP Santo Velazco
Batting: RHB Jorge Durán 0-0: Ball
1-0: Ball
2-0: Called Strike
2-1: Swinging Strike
2-2: Strikes out swinging
Batting: RHB Ángel Rivera 0-0: Called Strike
0-1: Swinging Strike
0-2: Ball
1-2: Strikes out swinging
Batting: RHB Oscar Gandarilla 0-0: Ball
1-0: Ball
2-0: Called Strike
2-1: Ball
3-1: Base on Balls
Batting: RHB Colm Goodwill 0-0: Ball
1-0: Ball
Oscar Gandarilla steals 2nd base
2-0: Ball
3-0: Base on Balls
Batting: RHB Wu-shiun Wang 0-0: Foul Ball, location: 2F
0-1: Fly out, F9 (Line Drive, 9)
Top of the 8th over - 0 runs, 0 hits, 0 errors, 2 left on base; Brinkley 1 - Vermont 0
BOTTOM OF THE 8TH
Vermont Lake Monsters batting - Pitching for Brinkley Belugas : RHP Paco Castillo
Now in LF: Júlio González
Batting: LHB Arturo Hernández 0-0: Ball
1-0: Ball
2-0: Ball
3-0: Called Strike
3-1: SINGLE (Groundball, 6D)
Pitching: RHP Yue-rong Chen
Batting: LHB Manuel Núñez 0-0: Foul Ball, location: 2F
0-1: Foul Ball, location: 2F
0-2: Foul Ball, location: 2F
0-2: Ball
1-2: Foul Ball, location: 2F
1-2: Fly out, F7 (Flyball, 7LSF)
Batting: RHB Bertrand Pick 0-0: Called Strike
0-1: Ball
1-1: Ball
2-1: Called Strike
2-2: Ball
3-2: Strikes out looking
Pinch Hitting: RHB Layton Templeman Balk!
Arturo Hernández to second
0-0: Called Strike
0-1: SINGLE (Line Drive, 9S)
Arturo Hernández to third
Runner from 3rd tries for Home, SAFE, no throw
Batting: RHB Juan Pedraza 0-0: Fly out, F6 (Line Drive, 56)
Bottom of the 8th over - 1 run, 2 hits, 0 errors, 1 left on base; Brinkley 1 - Vermont 1
TOP OF THE 9TH
Brinkley Belugas batting - Pitching for Vermont Lake Monsters : RHP Santo Velazco
Now at 3B: Layton Templeman
Batting: RHB Noah Bushby 0-0: Ball
1-0: DOUBLE (Line Drive, 78D)
Batting: SHB Eddie Ménard 0-0: DOUBLE (Line Drive, 78D)
Noah Bushby scores
Batting: RHB Felix Plugge 0-0: Foul Ball, location: 2F
0-1: SINGLE (Line Drive, 9LS)
Eddie Ménard to third
Batting: RHB Brandon Cole 0-0: Ball
1-0: Foul Ball, location: 2F
1-1: Called Strike
1-2: Ball
2-2: Ball
3-2: SINGLE (Line Drive, 7S)
Eddie Ménard scores
Felix Plugge to second
Pitching: LHP José Flores
Batting: RHB Jorge Durán 0-0: Called Strike
0-1: Ball
1-1: Ball
2-1: Bunt missed!
2-2: Ball
3-2: Strikes out swinging
Batting: RHB Ángel Rivera 0-0: Foul Ball, location: 2F
0-1: Called Strike
0-2: Foul Ball, location: 2F
0-2: Strikes out swinging
Batting: SHB Júlio González 0-0: Ball
1-0: Ball
2-0: Ball
3-0: Called Strike
3-1: Called Strike
3-2: Base on Balls
Felix Plugge to third
Brandon Cole to second
Batting: RHB Colm Goodwill 0-0: Ball
1-0: Called Strike
1-1: Called Strike
1-2: Ball
2-2: Ball
3-2: Base on Balls
Felix Plugge scores
Brandon Cole to third
Júlio González to second
Batting: RHB Wu-shiun Wang 0-0: Ball
1-0: Called Strike
1-1: Ball
2-1: Swinging Strike
2-2: Strikes out swinging
Top of the 9th over - 3 runs, 4 hits, 0 errors, 3 left on base; Brinkley 4 - Vermont 1
BOTTOM OF THE 9TH
Vermont Lake Monsters batting - Pitching for Brinkley Belugas : RHP Yue-rong Chen
Batting: RHB José Vázquez 0-0: Ball
1-0: Called Strike
1-1: Ball
2-1: Foul Ball, location: 2F
2-2: Ground out 5-3 (Groundball, 56S)
Batting: LHB Gilberto Jiménez 0-0: SOLO HOME RUN (Flyball, 9D), Distance : 369 ft
Batting: RHB Ramón Degollado 0-0: Ball
1-0: Fly out, F8 (Flyball, 8RM)
Batting: SHB Robert La Caze 0-0: Ball
1-0: SINGLE (Flyball, 8RS)
Batting: LHB Arturo Hernández 0-0: Ball
1-0: Swinging Strike
1-1: Ball
2-1: Called Strike
2-2: Ball
3-2: Base on Balls
Robert La Caze to second
Batting: LHB Manuel Núñez 0-0: Ball
1-0: Ball
2-0: Ball
3-0: Called Strike
3-1: Ground out 4-3 (Groundball, 34D)
Bottom of the 9th over - 1 run, 2 hits, 0 errors, 2 left on base; Brinkley 4 - Vermont 2
Tuesday, June 12th, 2018 - OOTP Baseball 18.8 Build 76